 Dungeon Crawl Stone Soup version 0.29.1-12-g30fa7ad0bf (webtiles) character file.

Game seed: 909455574277112506

137840 suipiss the Lord of Darkness (level 16, -3/85 HPs)
             Began as a Demonspawn Necromancer on Jan 18, 2023.
             Was the Champion of Kikubaaqudgha.
             Slain by a naga warrior
             ... wielding a +0 mace
              (32 damage)
             ... on level 2 of the Snake Pit on Jan 19, 2023.
             The game lasted 01:47:02 (26549 turns).

suipiss the Lord of Darkness (DsNe)                Turns: 26549, Time: 01:47:03

Health: -3/85      AC: 13    Str:  8    XL:     16   Next: 69%
Magic:  17/33      EV: 12    Int: 38    God:    Kikubaaqudgha [******]
Gold:   1683       SH:  0    Dex: 17    Spells: 5/41 levels left

rFire   + . .      SeeInvis +   n - +6 falchion "Spiderslayer" {vamp, rC+ Will+ Str+3 Int+3}
rCold   + + +      Faith    .   (no shield)
rNeg    . . .      Spirit   .   x - +2 robe {Archmagi}
rPois   +          Reflect  .   O - +2 hat {Stlth+}
rElec   +          Harm     +   t - +2 cloak of the Thief {*Fog Slay-2 SInv Stlth+}
rCorr   .          Rampage  .   E - +2 pair of gloves {Stlth+}
Will    ++...      Archmagi +   d - +0 pair of boots "Dued" {Regen+ Str-4 Int+6}
Stlth   +++++++++.              C - amulet "Nouck" {RegenMP Harm *Slow rElec rC+++}
HPRegen 1.04/turn               M - +6 ring of intelligence
MPRegen 0.63/turn               S - ring of the Cicada {Fire rPois Dex-4 Stlth+}

@: lethally poisoned (-3 -> -4), hasted, very quick
A: antennae 2, thin skeletal structure 3, powered by pain 2, demonic magic 2
a: Renounce Religion, Unearth Wretches, Torment


You were on level 2 of the Snake Pit.
You worshipped Kikubaaqudgha.
Kikubaaqudgha was exalted by your worship.
You visited 5 branches of the dungeon, and saw 25 of its levels.
You also visited: Bailey, Gauntlet and Ice Cave.

You collected 3217 gold pieces.
You spent 1534 gold pieces at shops.

Inventory:

Hand Weapons
 n - the +6 falchion "Spiderslayer" (weapon) {vamp, rC+ Will+ Str+3 Int+3}
   (You found it on level 14 of the Dungeon)

   It occasionally heals its wielder for a portion of the damage dealt when it
   wounds a living foe.
   Str:       It affects your strength (+3).
   Int:       It affects your intelligence (+3).
   rC:        It protects you from cold.
   Will:      It increases your willpower.
 w - a +1 dagger of venom
Armour
 d - the +0 pair of boots "Dued" (worn) {Regen+ Str-4 Int+6}
   (You acquired it on level 5 of the Dungeon)

   Str:       It affects your strength (-4).
   Int:       It affects your intelligence (+6).
   Regen:     It increases your rate of health regeneration.
 t - the +2 cloak of the Thief (worn) {*Fog Slay-2 SInv Stlth+}
   (You found it on level 15 of the Dungeon)

   It may release a thick cloud of smoke when the wearer is hurt.
   Slay:      It affects your accuracy & damage with ranged weapons and melee
   (-2).
   SInv:      It lets you see invisible.
   Stlth:     It makes you more stealthy.
 x - a +2 robe of the Archmagi (worn)
 y - a +1 leather armour of resistance
 E - a +2 pair of gloves of stealth (worn)
 O - a +2 hat of stealth (worn)
 P - the +2 cloak of Inaction {Drain +Inv Will+++ Int-4}
   (You found it in a Gauntlet)

   Int:       It affects your intelligence (-4).
   +Inv:      It lets you turn invisible.
   Drain:     It drains your maximum health when unequipped.
   Will:      It greatly increases your willpower.
Magical Staves
 e - a staff of earth
 H - a staff of death
 X - a staff of conjuration
Jewellery
 a - an amulet of regeneration
 j - an amulet of reflection
 k - a ring of resist corrosion
 v - a +6 ring of strength
 z - a ring of protection from fire
 C - the amulet "Nouck" (around neck) {RegenMP Harm *Slow rElec rC+++}
   (You found it on level 2 of the Lair of Beasts)

   [amulet of magic regeneration]

   It increases your rate of magic regeneration.
   rC:        It renders you almost immune to cold.
   rElec:     It insulates you from electricity.
   *Slow:     It may slow you when you take damage.
   Harm:      It increases damage dealt and taken.
 D - a ring of magical power
 F - a ring of wizardry
 M - a +6 ring of intelligence (left hand)
 S - the ring of the Cicada (right hand) {Fire rPois Dex-4 Stlth+}
   (You took it off a minotaur in a Gauntlet)

   [ring of fire]

   It enhances your fire magic.
   Dex:       It affects your dexterity (-4).
   rF:        It protects you from fire.
   rC:        It makes you vulnerable to cold.
   rPois:     It protects you from poison.
   Stlth:     It makes you more stealthy.
Wands
 g - a wand of flame (35)
 B - a wand of mindburst (6)
 K - a wand of iceblast (20)
 N - a wand of light (6)
 T - a wand of polymorph (13)
Scrolls
 c - a scroll of silence
 h - a scroll of immolation
 l - 8 scrolls of teleportation
 m - 2 scrolls of magic mapping
 u - 2 scrolls of poison
 A - 3 scrolls of amnesia
 J - 2 scrolls of vulnerability
 L - 2 scrolls of torment
 Q - 2 scrolls of fog
 V - 4 scrolls of identify
Potions
 b - 5 potions of mutation
 f - a potion of flight
 i - a potion of berserk rage
 o - 8 potions of lignification
 p - a potion of resistance
 q - 2 potions of brilliance
 r - 6 potions of curing
 s - 2 potions of haste
 G - a potion of heal wounds
Miscellaneous
 I - a condenser vane (inert)
 Z - a lightning rod (4/4)


   Skills:
 - Level 3.2 Armour
 - Level 1.7 Dodging
 - Level 1.7 Stealth
 * Level 13.1 Spellcasting
 * Level 13.8 Conjurations
 - Level 7.0 Summonings
 * Level 18.2 Necromancy
 * Level 6.5 Transmutations
 * Level 12.8 Earth Magic


You had 5 spell levels left.
You knew the following spells:

 Your Spells              Type           Power      Damage    Failure   Level
a - Borgnjor's Revivific  Necr           64%        N/A       5%          8
b - Haunt                 Necr/Summ      55%        N/A       7%          7
c - Vampiric Draining     Necr           100%       2d13      0%          3
d - Sandblast             Erth           100%       2d20      0%          1
e - Stone Arrow           Conj/Erth      100%       3d13      1%          3
f - Apportation           Tloc           74%        N/A       1%          1
g - Animate Dead          Necr           100%       N/A       0%          4
h - Anguish               Hex/Necr       48%        N/A       1%          4
i - Borgnjor's Vile Clut  Necr/Erth      60%        N/A       1%          5

Your spell library contained the following spells:

 Spells                   Type           Power      Damage    Failure   Level
 Necrotise                Necr           100%       1d9       0%          1
 Sublimation of Blood     Necr           100%       N/A       0%          2
 Dispel Undead            Necr           100%       3d31      0%          4
 Beastly Appendage        Tmut           100%       N/A       1%          1
 Slow                     Hex            100%       N/A       1%          1
 Summon Small Mammal      Summ           100%       N/A       1%          1
 Passwall                 Tmut/Erth      82%        N/A       1%          2
 Wereblood                Tmut           84%        N/A       1%          2
 Call Canine Familiar     Summ           87%        N/A       1%          3
 Ignite Poison            Fire/Tmut/Pois 76%        N/A       1%          3
 Mephitic Cloud           Conj/Pois/Air  74%        N/A       1%          3
 Spider Form              Tmut/Pois      65%        N/A       1%          3
 Summon Guardian Golem    Hex/Summ       67%        N/A       1%          3
 Corpse Rot               Necr/Pois/Air  82%        N/A       1%          4
 Agony                    Necr           100%       N/A       1%          5
 Blade Hands              Tmut           42%        N/A       2%          5
 Summon Ice Beast         Ice/Summ       67%        N/A       3%          4
 Confusing Touch          Hex            37%        N/A       4%          3
 Gell's Gravitas          Tloc           37%        N/A       4%          3
 Ozocubu's Armour         Ice            37%        N/A       4%          3
 Portal Projectile        Hex/Tloc       74%        N/A       4%          3
 Teleport Other           Tloc           37%        N/A       4%          3
 Tukima's Dance           Hex            37%        N/A       4%          3
 Freezing Cloud           Conj/Ice/Air   37%        6-21      6%          5
 Summon Forest            Summ/Tloc      33%        N/A       10%         5
 Summon Mana Viper        Hex/Summ       67%        N/A       10%         5
 Simulacrum               Ice/Necr       48%        N/A       5%          6
 Infestation              Necr           64%        N/A       5%          8
 Summon Cactus Giant      Summ           43%        N/A       13%         6
 Necromutation            Tmut/Necr      54%        N/A       52%         8
 Monstrous Menagerie      Summ           43%        N/A       56%         7
 Death's Door             Necr           64%        N/A       63%         9
 Dispersal                Tloc           18%        N/A       92%         6
 Enfeeble                 Hex            18%        N/A       100%        7
 Ozocubu's Refrigeration  Ice            18%        4d11      100%        7


Dungeon Overview and Level Annotations

Branches:
Dungeon (15/15)            Temple (1/1) D:5            Lair (5/5) D:9
 Shoals (0/4) Lair:2        Snake (3/4) Lair:2        Slime (0/5) Lair:4
    Orc (2/2) D:9             Elf (0/3) Orc:2        Vaults (0/5) D:13
 Depths (0/4) D:15         Bailey (visited)           IceCv (visited)
Gauntlet (visited)

Altars:
Ashenzari
Fedhas
Kikubaaqudgha
Okawaru
Ru
Sif Muna
Yredelemnul
Jiyva

Shops:
D:3 !   D:5 (   D:11 [   D:15 =   Orc:2 !!([=   Snake:1 ==:   Snake:2 =*
Snake:3 !

Annotations:
D:7 2 runed translucent doors, exclusion: orange crystal statue, Joseph
Lair:2 exclusions: Amaemon and oklob plant
Snake:1 2 transporters, sleeves's ghost, adept BaSu
Snake:3 Agnes


Innate Abilities, Weirdness & Mutations

You have a pair of antennae on your head.
You have an unnaturally thin skeletal structure. (Dex +6, Stealth+++)
You sometimes gain power by taking damage.
Spells you cast may paralyse nearby enemies.


Message History

Aiming: Haunt (dangerous; 7% risk of failure)
Press: ? - help, Dir - move target, f/p - naga warrior
Aim: a naga warrior, wielding a +0 mace (lightly wounded, strong, catching its breath, constricted by zombie hands)
You feel a surge of power!
Insubstantial figures form in the air.
Malevolent energies surge around you.
The zombie hands constrict the naga warrior!
You feel sick.
Casting: Haunt (dangerous; 7% risk of failure)
Confirm with . or Enter, or press ? or * to list all spells.
Aiming: Stone Arrow (safe; 1% risk of failure)
Press: ? - help, Shift-Dir - straight line, f/p - naga warrior
Aim: a naga warrior, wielding a +0 mace (moderately wounded, strong, catching its breath, constricted by zombie hands, ally target, 100% to hit)
You feel a surge of power!
The stone arrow hits the naga warrior!
The naga warrior is heavily wounded.
Malevolent energies surge around you.
The zombie hands constrict the naga warrior!
You feel sick.
The naga warrior hits you with a +0 mace!!
* * * LOW HITPOINT WARNING * * *
The naga warrior closely misses you.
Casting: Stone Arrow (safe; 1% risk of failure)
Confirm with . or Enter, or press ? or * to list all spells.
Aiming: Stone Arrow (safe; 1% risk of failure)
Press: ? - help, Shift-Dir - straight line, f/p - naga warrior
Aim: a naga warrior, wielding a +0 mace (heavily wounded, strong, catching its breath, constricted by zombie hands, ally target, 100% to hit)
Okay, then.
Casting: Stone Arrow (safe; 1% risk of failure)
Confirm with . or Enter, or press ? or * to list all spells.
Aiming: Vampiric Draining (safe; 0% risk of failure)
Press: ? - help, Shift-Dir - straight line, f/p - naga warrior
Aim: a naga warrior, wielding a +0 mace (heavily wounded, strong, catching its breath, constricted by zombie hands, ally target)
You feel a surge of power!
You draw life force from the naga warrior!
You feel life coursing into your body! Malevolent energies surge around you.
The zombie hands constrict the naga warrior!
You feel sick.
Your phantasmal warrior hits the naga warrior.
The naga warrior hits you with a +0 mace!!
You die...
Kikubaaqudgha rasps: "You have failed me!
Welcome... death!"

###....###....
##......#...##
##..........##
##...........#
###...........##
#######............##
#......{#W.........#
#....>W#N.<.......##
# #.....#@.WW......##
###
#####...รท......###
..########
##..........##
.........#
#....#....)##
......####
######...### .....##
##...##
.....##########...##
.................##
................##


You could see a naga warrior (strong, catching breath, clutched, ally target), a
friendly phantasmal warrior (summoned) and 3 friendly wraiths.

Vanquished Creatures
  A nagaraja (Snake:2)
  A frost giant (IceCv)
  An orc warlord (Bailey)
  A stone giant (D:15)
  A minotaur (Gauntlet)
  Josephine (D:13)
  A blizzard demon (Gauntlet)
  Fannar (D:11)
  5 hydras
  2 vault guards (D:13)
  A boulder beetle (D:10)
  Erolcha (D:13)
  A salamander tyrant (Snake:2)
  5 centaur warriors
  5 two-headed ogres
  3 catoblepae
  10 anacondas
  5 tengu warriors
  4 naga warriors
  An orc high priest (Orc:2)
  10 death yaks
  4 naga sharpshooters
  7 shock serpents
  Amaemon (Lair:2)
  A fire crab (shapeshifter) (D:15)
  3 salamander mystics
  2 naga ritualists (Snake:2)
  A lindwurm (Lair:5)
  2 deep elf pyromancers (D:15)
  6 orc knights (Orc:2)
  8 mana vipers
  An orc sorcerer (Orc:2)
  5 ugly things (D:15)
  3 manticores
  15 salamanders
  6 cyclopes
  An ice statue (IceCv)
  5 elephants (Lair:5)
  2 molten gargoyles (Gauntlet)
  3 guardian serpents
  21 black mambas
  14 cane toads
  8 naga magi
  A torpor snail (Lair:5)
  7 gargoyles
  A kobold demonologist (D:13)
  An orange demon (Lair:2)
  4 rime drakes
  An unseen horror (D:12)
  An efreet (D:15)
  4 komodo dragons
  5 trolls
  6 polar bears
  8 saltlings (Orc:2)
  A blink frog (Lair:5)
  2 hornets (Gauntlet)
  5 dream sheep
  5 shadows
  9 wyverns
  22 yaks
  5 wraiths
  7 humans
  5 vampire mosquitoes
  4 steam dragons
  A hog (shapeshifter) (D:15)
  8 basilisks
  16 nagas
  2 acid dragons
  Duvessa (D:7)
  13 water moccasins
  2 sky beasts (D:7)
  14 orc warriors
  3 ice beasts
  9 wolves
  4 ogres
  12 centaurs
  A phantom (D:5)
  14 bullfrogs
  4 kobold brigands
  3 gnoll sergeants (D:9)
  A necrophage (D:8)
  8 wights (D:8)
  Dowan (D:7)
  3 killer bees (D:8)
  3 electric eels (Lair:1)
  2 howler monkeys
  3 hounds
  13 jellies
  A gnoll bouda (D:5)
  6 orc priests
  An iguana (D:5)
  6 orc wizards
  A hell rat (Lair:5)
  11 gnolls
  4 adders
  A white imp (D:5)
  2 ufetubi
  A dart slug (D:5)
  37 orcs
  2 bats (D:2)
  5 endoplasms
  4 giant cockroaches
  8 goblins
  11 hobgoblins
  4 jackals (D:3)
  10 kobolds
  2 quokkas
  A frilled lizard (D:1)
  2 kobold skeletons (D:9)
  A rat (D:2)
  3 pillars of salt (Orc:2)
549 creatures vanquished.

Vanquished Creatures (collateral kills)
  A two-headed ogre (Orc:2)
  3 death yaks
  A salamander mystic (Snake:2)
  A mana viper (Snake:2)
  A manticore (Lair:5)
  A black mamba (Lair:5)
  2 elephants (Lair:5)
  A salamander (Snake:2)
  2 guardian serpents
  2 naga magi (Snake:2)
  3 cane toads (Lair:5)
  2 polar bears (IceCv)
  A saltling (Orc:2)
  7 dream sheep (Lair:5)
  5 yaks
  A wraith (D:13)
  3 humans (D:13)
  A steam dragon (Lair:2)
  A warg (Orc:2)
  A naga (Snake:3)
  A water moccasin (Lair:5)
  4 orc warriors
  A centaur (D:9)
  9 wolves
  A gnoll sergeant (D:9)
  A killer bee (D:8)
  2 orc priests
  A hound (D:5)
  A human skeleton (D:9)
  2 hell rats (Lair:5)
  2 gnolls
  2 river rats (D:9)
  9 orcs
  2 hobgoblins
  A quokka (D:9)
  5 goblins
  2 rats (D:9)
  3 pillars of salt (Orc:2)
89 creatures vanquished.

Vanquished Creatures (others)
  A catoblepas (Lair:5)
  2 hydras (Lair:5)
  2 death yaks
  A swamp dragon (Gauntlet)
  An ugly thing (IceCv)
  A deep elf zephyrmancer (Gauntlet)
  A merfolk siren (Gauntlet)
  3 death yak zombies
  A komodo dragon (D:9)
  2 trolls (D:9)
  A polar bear (IceCv)
  A slime creature (D:9)
  2 black mamba zombies (Lair:5)
  6 yaks (IceCv)
  A slime creature zombie (D:9)
  A human (D:13)
  2 cane toad zombies (Lair:5)
  A swamp drake (Gauntlet)
  8 orc warriors
  An elephant zombie (Lair:5)
  An ogre (D:9)
  A manticore zombie (Lair:5)
  A dream sheep zombie (Lair:5)
  6 wolves (IceCv)
  A gnoll sergeant (D:9)
  A troll zombie (D:9)
  7 yak zombies
  5 polar bear zombies (IceCv)
  9 wolf zombies (IceCv)
  2 hell rats
  3 killer bee zombies (D:8)
  A kobold zombie (D:9)
  3 hell rat zombies
  2 gnolls
  2 river rats (D:9)
  A steam dragon zombie (Lair:2)
  2 orcs (D:9)
  7 gnoll zombies
  A goblin (Bailey)
  2 hobgoblins (Bailey)
  4 river rat zombies (D:9)
  5 goblin zombies (Bailey)
  4 hobgoblin zombies (Bailey)
  18 orc zombies
  A quokka zombie (D:9)
  2 rat zombies (D:9)
  17 fungi
  38 plants
  17 toadstools (Lair:2)
203 creatures vanquished.

Grand Total: 841 creatures vanquished

Notes
Turn   | Place    | Note
-------+----------+-------------------------------------------
     0 | D:1      | suipiss the Demonspawn Necromancer began the quest for the
                  | Orb.
     0 | D:1      | Reached XP level 1. HP: 13/13 MP: 3/3
   112 | D:1      | Found a faded altar of an unknown god.
   414 | D:1      | Learned a level 1 spell: Summon Small Mammal
  1034 | D:2      | Gained mutation: You have a somewhat thin skeletal
                  | structure. (Dex +2, Stealth+) [demonic ancestry]
  1034 | D:2      | Reached XP level 2. HP: 19/19 MP: 3/5
  1138 | D:2      | Reached skill level 1 in Armour
  1138 | D:2      | Reached skill level 5 in Necromancy
  1138 | D:2      | Gained mutation: You have a moderately thin skeletal
                  | structure. (Dex +4, Stealth++) [demonic ancestry]
  1138 | D:2      | Reached XP level 3. HP: 17/24 MP: 0/7
  1241 | D:2      | Learned a level 3 spell: Vampiric Draining
  2009 | D:2      | Gained mutation: Spells you cast may paralyse adjacent
                  | enemies. [demonic ancestry]
  2009 | D:2      | Reached XP level 4. HP: 30/30 MP: 4/8
  2100 | D:3      | Learned a level 1 spell: Sandblast
  2114 | D:3      | Found Puanao's Distillery.
  2416 | D:3      | Reached skill level 1 in Conjurations
  2730 | D:3      | You fall into a shaft and drop 2 floors!
  2730 | D:5      | Entered Level 5 of the Dungeon
  2731 | D:5      | Identified a scroll of acquirement
  2733 | D:5      | Acquired the +0 pair of boots "Dued" {Regen+ Str-4 Int+6}
  2847 | D:5      | Reached skill level 1 in Earth Magic
  2847 | D:5      | Gained mutation: You sometimes gain a little power by
                  | taking damage. [demonic ancestry]
  2847 | D:5      | Reached XP level 5. HP: 35/35 MP: 4/9
  3198 | D:5      | Found a shimmering blue altar of Sif Muna.
  3272 | D:5      | Noticed a phantom
  3282 | D:5      | Killed a phantom
  3283 | D:5      | Reached XP level 6. HP: 26/41 MP: 2/11
  3368 | D:5      | Found Etihi's Weapon Emporium.
  3521 | D:5      | Found a staircase to the Ecumenical Temple.
  3539 | Temple   | Entered the Ecumenical Temple
  3634 | Temple   | Became a worshipper of Kikubaaqudgha
  3700 | D:5      | Reached skill level 6 in Necromancy
  4026 | D:6      | Gained mutation: Spells you cast may paralyse nearby
                  | enemies. [demonic ancestry]
  4026 | D:6      | Reached XP level 7. HP: 46/46 MP: 2/12
  4438 | D:6      | Learned a level 3 spell: Stone Arrow
  4724 | D:7      | Noticed Dowan
  4913 | D:7      | Killed Dowan
  4914 | D:7      | Reached XP level 8. HP: 52/52 MP: 7/14
  5034 | D:7      | Noticed an orange crystal statue
  5146 | D:7      | Found a runed translucent door.
  5153 | D:7      | Found the +10 tower shield of Ignorance {rN+ Int-4}
  5169 | D:7      | Found a runed translucent door.
  5230 | D:7      | Reached skill level 7 in Necromancy
  5360 | D:7      | Reached skill level 5 in Spellcasting
  5477 | D:7      | Noticed Duvessa
  5483 | D:7      | Killed Duvessa
  5775 | D:7      | Noticed Joseph
  5790 | D:7      | Reached * piety under Kikubaaqudgha
  5790 | D:7      | Received a gift from Kikubaaqudgha
  6145 | D:8      | Reached skill level 5 in Conjurations
  6145 | D:8      | Gained mutation: You have a pair of small antennae on your
                  | head. [demonic ancestry]
  6145 | D:8      | Reached XP level 9. HP: 48/57 MP: 10/17
  6231 | D:8      | Noticed a two-headed ogre
  6237 | D:8      | Killed a two-headed ogre
  6238 | D:8      | Reached skill level 8 in Necromancy
  6238 | D:8      | Reached skill level 5 in Earth Magic
  6261 | D:8      | Learned a level 1 spell: Apportation
  6266 | D:8      | Learned a level 4 spell: Animate Dead
  6271 | D:8      | Learned a level 4 spell: Anguish
  7382 | D:9      | Noticed a death yak
  7383 | D:9      | Found a staircase to the Lair.
  7385 | D:9      | Noticed a death yak
  7387 | D:9      | Killed a death yak
  7388 | D:9      | Reached skill level 9 in Necromancy
  7388 | D:9      | Reached XP level 10. HP: 63/63 MP: 7/20
  7388 | D:9      | Noticed a death yak
  7406 | D:9      | Killed a death yak
  7415 | D:9      | Killed a death yak
  7515 | D:9      | Found a flagged portal.
  7537 | D:9      | Reached ** piety under Kikubaaqudgha
  7666 | Bailey   | Entered a bailey
  7906 | Bailey   | Reached skill level 10 in Necromancy
  8112 | Bailey   | Reached *** piety under Kikubaaqudgha
  8112 | Bailey   | Received a gift from Kikubaaqudgha
  8240 | Bailey   | Learned a level 5 spell: Borgnjor's Vile Clutch
  8419 | Bailey   | Noticed an orc warlord
  8433 | Bailey   | Killed an orc warlord
  8434 | Bailey   | Gained mutation: You have a pair of antennae on your head.
                  | [demonic ancestry]
  8434 | Bailey   | Reached XP level 11. HP: 68/68 MP: 0/23
  8720 | D:9      | Reached skill level 14 in Necromancy
  8720 | D:9      | Gained mutation: You sometimes gain power by taking damage.
                  | [demonic ancestry]
  8720 | D:9      | Reached XP level 12. HP: 74/74 MP: 24/24
  8769 | D:9      | Found a runed translucent door.
  8773 | D:9      | Found a basalt altar of Yredelemnul.
  9364 | D:9      | Found a staircase to the Orcish Mines.
  9715 | D:10     | Entered Level 10 of the Dungeon
  9961 | D:10     | Noticed a boulder beetle
  9976 | D:10     | Killed a boulder beetle
 10906 | D:11     | Reached **** piety under Kikubaaqudgha
 11182 | Lair:1   | Entered Level 1 of the Lair of Beasts
 11626 | Lair:1   | Noticed a five-headed hydra
 11634 | Lair:1   | Killed a five-headed hydra
 11823 | Lair:1   | Noticed a six-headed hydra
 11827 | Lair:1   | Killed a six-headed hydra
 11876 | Lair:1   | Noticed a death yak
 11876 | Lair:1   | Noticed a death yak
 11881 | Lair:1   | Noticed a death yak
 11882 | Lair:1   | Noticed a death yak
 12015 | Lair:1   | Killed a death yak
 12032 | Lair:1   | Killed a death yak
 12058 | Lair:1   | Killed a death yak
 12059 | Lair:1   | Reached skill level 15 in Necromancy
 12059 | Lair:1   | Killed a death yak
 12412 | Lair:1   | Noticed a catoblepas
 12421 | Lair:1   | Killed a catoblepas
 12422 | Lair:1   | Reached XP level 13. HP: 41/79 MP: 18/26
 12783 | Lair:2   | Identified the amulet "Nouck" {RegenMP Harm *Slow rElec
                  | rC+++}
 12989 | Lair:2   | Found a frozen archway.
 12999 | IceCv    | Entered an ice cave
 13075 | IceCv    | Reached skill level 10 in Conjurations
 13180 | IceCv    | Reached ***** piety under Kikubaaqudgha
 13414 | IceCv    | Reached skill level 10 in Spellcasting
 13517 | IceCv    | Noticed a frost giant
 13586 | IceCv    | Killed a frost giant
 13697 | IceCv    | Identified the +1 battleaxe of Gozag's Fury {vorpal,
                  | Fragile +Blink Int+4 Stlth+}
 14070 | Lair:2   | Found a staircase to the Snake Pit.
 14153 | Lair:2   | Noticed Amaemon
 14158 | Lair:2   | Killed Amaemon
 14159 | Lair:2   | Reached skill level 10 in Earth Magic
 14305 | Lair:2   | Found a staircase to the Shoals.
 14612 | Lair:2   | Found a blossoming altar of Fedhas.
 15185 | Lair:3   | Reached skill level 16 in Necromancy
 15756 | Lair:4   | Identified the +3 leather armour of the World {Regen+
                  | Dex+5}
 15902 | Lair:4   | Found a viscous altar of Jiyva.
 15904 | Lair:4   | Found a staircase to the Slime Pits.
 16136 | Lair:4   | Reached skill level 1 in Summonings
 16139 | Lair:4   | Gained mutation: You have an unnaturally thin skeletal
                  | structure. (Dex +6, Stealth+++) [demonic ancestry]
 16139 | Lair:4   | Reached XP level 14. HP: 85/85 MP: 19/28
 16642 | Lair:5   | Entered Level 5 of the Lair of Beasts
 16816 | Lair:5   | Reached ****** piety under Kikubaaqudgha
 17209 | Lair:5   | Received a gift from Kikubaaqudgha
 17220 | Lair:5   | Learned a level 8 spell: Borgnjor's Revivification
 17778 | Orc:1    | Entered Level 1 of the Orcish Mines
 17784 | Orc:1    | Reached skill level 1 in Transmutations
 17838 | Orc:2    | Entered Level 2 of the Orcish Mines
 17838 | Orc:2    | Found Famigof's Distillery.
 17999 | Orc:2    | Found a staircase to the Elven Halls.
 18320 | Orc:2    | Found Yliecur's Antique Weapon Shop.
 18323 | Orc:2    | Found Cilusyri's Armour Shop.
 18369 | Orc:2    | Reached skill level 17 in Necromancy
 18407 | Orc:2    | Found Enan Iguink's Distillery.
 18480 | Orc:2    | Found Tigraa's Jewellery Boutique.
 18760 | Orc:2    | Bought 2 potions of resistance for 280 gold pieces
 18817 | Orc:2    | Bought a potion of haste for 170 gold pieces
 18989 | D:11     | Found Uranets's Antique Armour Shop.
 19007 | D:11     | Bought a pair of runed gloves for 157 gold pieces
 19074 | D:11     | Reached XP level 15. HP: 90/90 MP: 29/30
 19313 | D:11     | Noticed Fannar
 19316 | D:11     | Killed Fannar
 19829 | D:12     | Found a gate leading to a gauntlet.
 19839 | Gauntlet | Entered a Gauntlet
 19839 | Gauntlet | Found a transporter.
 19839 | Gauntlet | Found a transporter.
 19839 | Gauntlet | Found a transporter.
 19839 | Gauntlet | Found a transporter.
 19859 | Gauntlet | Found a transporter.
 19869 | Gauntlet | Found a transporter.
 19873 | Gauntlet | Found a transporter.
 19883 | Gauntlet | Found a transporter.
 19904 | Gauntlet | Found a transporter.
 19909 | Gauntlet | Found a transporter.
 19913 | Gauntlet | Found a transporter.
 19928 | Gauntlet | Found a transporter.
 20260 | Gauntlet | Identified the +2 cloak of Inaction {Drain +Inv Will+++
                  | Int-4}
 20269 | Gauntlet | Learned a level 7 spell: Haunt
 20322 | Gauntlet | Identified the ring of the Cicada {Fire rPois Dex-4 Stlth+}
 20724 | D:13     | Noticed Erolcha
 20764 | D:13     | Killed Erolcha
 21186 | D:13     | Found a gate to the Vaults.
 21317 | D:13     | Noticed Josephine
 21324 | D:13     | Killed Josephine
 21325 | D:13     | Reached skill level 5 in Summonings
 21833 | D:14     | Identified the +6 falchion "Spiderslayer" {vamp, rC+ Will+
                  | Str+3 Int+3}
 22436 | D:15     | Entered Level 15 of the Dungeon
 22436 | D:15     | Found the +2 cloak of the Thief {*Fog Slay-2 SInv Stlth+}
 22529 | D:15     | Found Yfogi's Jewellery Shop.
 22559 | D:15     | Bought a ring of protection from fire for 350 gold pieces
 22988 | D:15     | Found a staircase to the Depths.
 23304 | Snake:1  | Entered Level 1 of the Snake Pit
 23629 | Snake:1  | Found a transporter.
 23632 | Snake:1  | Noticed sleeves's ghost (adept BaSu)
 23636 | Snake:1  | Found a transporter.
 23761 | Snake:1  | Identified the +0 cloak of Qiles {Stlth+}
 23905 | Snake:1  | Identified the +1 scale mail of Avant Garde Wonder
                  | {Rampage}
 23912 | Snake:1  | Found Riesuts's Jewellery Boutique.
 23914 | Snake:1  | Found Deataf's Book Shoppe.
 23915 | Snake:1  | Found Xeef Dead's Jewellery Boutique.
 23929 | Snake:1  | Bought a ring of wizardry for 450 gold pieces
 24445 | Snake:2  | Found Eshem's General Store.
 24460 | Snake:2  | Bought a scroll of enchant armour for 127 gold pieces
 24486 | Snake:2  | Reached skill level 5 in Transmutations
 24541 | Snake:2  | Reached XP level 16. HP: 91/91 MP: 25/32
 24574 | Snake:2  | Found Tieteuff's Jewellery Shoppe.
 25088 | Snake:2  | Reached skill level 18 in Necromancy
 26173 | Snake:3  | Found Nulli's Distillery.
 26330 | Snake:3  | Noticed Agnes
 26364 | Snake:2  | Acquired 771 gold pieces
 26549 | Snake:2  | Slain by a naga warrior

Illustrated notes

Levels and vault maps discovered:
D:1:      mrwooster_arrival_arrow, layout_basic,
          ebering_ecumenical_altar_sacrificial, minmay_misc_feat_diagonals
D:2:      layout_basic
D:3:      layout_basic, serial_shops, nicolae_shop_hallway_plus
D:5:      layout_loops_ring, tgw_sif, minmay_temple_entry_statues_pillars,
          serial_shops, nicolae_shop_competitors_out_of_business,
          minmay_misc_feat_five
D:6:      layout_gridville, serial_glass, glass_columns_a, glass_columns_a,
          glass_columns_b, glass_columns_c, glass_columns_a, glass_columns_a
D:7:      minmay_general_purpose_star, layout_basic,
          chequers_guarded_unrand_ignorance, uniq_duvessa, uniq_joseph
D:8:      layout_loops_ring
D:9:      layout_loops_cross, dk_yredelemnul_ordeal, dpeg_lair_monsters,
          kennysheep_orc_monster_closet_entryway, enter_bailey_5
D:10:     layout_roguey
D:11:     layout_roguey, serial_shops, nicolae_diamond_shop, serial_glass,
          glass_columns_a, glass_columns_c, feat_on_display, uniq_fannar
D:12:     layout_loops_corners, gauntlet_entry_generic, minivault_21
D:13:     layout_roguey, ximxim_vaults_locker_room, uniq_josephine, uniq_erolcha
D:14:     layout_loops_ring, nicolae_triple_integral
D:15:     grunt_enter_depths_snipers, layout_rooms, serial_shops, shop
Temple:   nicolae_temple_figure_eight
Lair:1:   layout_roguey, wad_woods_river_01, serial_bayou_shore_a,
          infiniplex_staircase_pool
Lair:2:   layout_regular_city, elwin_shoals_entry_rooms,
          guppyfry_snake_entry_garden, serial_bayou, serial_bayou_pond_d,
          serial_bayou_shore_b, serial_bayou_shore_b, serial_bayou_shore_b,
          portal_ice_cave_entry_pillars_1, tgw_fedhas, uniq_amaemon
Lair:3:   layout_regular_city, grunt_megastairs_1
Lair:4:   layout_long_grid, minmay_slime_entry_jelly_boxes, grunt_megastairs_4
Lair:5:   hangedman_lair_in_review, layout_misc_corridors, lemuel_fruit_tree,
          serial_bayou_shore_b, infiniplex_staircase_pool_2
Snake:1:  layout_cave_shapes, gammafunk_ghost_arena, minmay_shop_grove
Snake:2:  nicolae_snake_crotalidae_crossing, layout_onion_interference,
          serial_shops, nicolae_shop_trees, shop, nicolae_snake_salamander_fort
Snake:3:  layout_onion_interference, ebering_ghost_rock_garden,
          minmay_shoptagon, uniq_agnes
Orc:1:    layout_diamond_mine, serial_shops, nicolae_shop_trees,
          minmay_orc_temple_a
Orc:2:    hellmonk_orc_salted, layout_caves, serial_shops, shop

Skill      XL: |  1  2  3  4  5  6  7  8  9 10 11 12 13 14 15 16 |
---------------+-------------------------------------------------+-----
Armour         | 1 2 3 |  3.2
Necromancy     | 5 6 7 9 10 14 15 16 17 18 | 18.2
Spellcasting   | 3 4 5 6 8 9 10 11 12 13 | 13.1
Conjurations   | 1 2 3 5 6 8 9 11 12 13 | 13.8
Earth Magic    | 1 2 3 4 6 7 9 10 11 12 | 12.8
Summonings     | 1 3 6 7 |  7.0
Transmutations | 2 5 6 |  6.5
Dodging        | |  1.7
Stealth        | |  1.7

Action                   |  1- 3 |  4- 6 |  7- 9 | 10-12 | 13-15 | 16-18 || total
-------------------------+-------+-------+-------+-------+-------+-------++-------
Melee: Unarmed           |    10 |       |       |       |       |       ||    10
       Hand axe          |    27 |     3 |       |       |       |       ||    30
       Mace              |       |    11 |     4 |       |       |       ||    15
       Staff             |       |       |    21 |    32 |     8 |       ||    61
       Punch             |       |       |       |       |     1 |     1 ||     2
       Dagger            |       |       |       |       |     3 |       ||     3
       Falchion          |       |       |       |       |     2 |    16 ||    18
 Cast: Necrotise         |    42 |    65 |    45 |    13 |       |       ||   165
       Sandblast         |       |    10 |     2 |     9 |     6 |       ||    27
       Summon Small Mamm |       |     4 |       |       |       |       ||     4
       Vampiric Draining |       |     5 |    11 |    12 |    13 |    17 ||    58
       Stone Arrow       |       |       |    62 |   147 |   332 |    59 ||   600
       Animate Dead      |       |       |     1 |    13 |    13 |       ||    27
       Anguish           |       |       |       |    10 |    28 |       ||    38
       Borgnjor's Vile C |       |       |       |     1 |   161 |    73 ||   235
       Borgnjor's Revivi |       |       |       |       |     1 |     1 ||     2
       Haunt             |       |       |       |       |       |     7 ||     7
Invok: Unearth Wretches  |       |       |       |     1 |     1 |       ||     2
       Receive Forbidden |       |       |       |       |     1 |       ||     1
Evoke: Wand              |       |       |     1 |    14 |     6 |     8 ||    29
       Lightning rod     |       |       |       |       |     2 |     6 ||     8
       Condenser vane    |       |       |       |       |       |     2 ||     2
  Use: Potion            |     3 |       |     3 |     9 |    12 |     8 ||    35
       Scroll            |       |     8 |     9 |     7 |    16 |     7 ||    47
 Stab: Distracted        |     1 |       |       |       |       |       ||     1
       Paralysed         |       |     5 |     6 |     2 |     4 |     1 ||    18
       Sleeping          |       |       |       |       |     1 |       ||     1
Armor: Robe              |     6 |     5 |     7 |     9 |    33 |    37 ||    97
       Leather armour    |     7 |       |       |       |       |       ||     7
       Skin              |       |       |       |       |       |    17 ||    17
Dodge: Dodged            |    30 |    17 |    35 |    33 |    67 |    60 ||   242
